[Event "Icelandic Championship 2024"]
[Site "Mosfellsbaer"]
[Date "2024.04.24"]
[Round "8.4"]
[White "Stefansson, Vignir Vatnar"]
[Black "Prudnykova, Olga"]
[Result "1-0"]
[ECO "D90"]
[WhiteElo "2459"]
[BlackElo "2263"]
[Annotator "TA"]
[PlyCount "57"]
[EventDate "2024.04.16"]
[EventType "tourn"]
[EventCountry "ISL"]
[SourceTitle "playchess.com"]
[Source "ChessBase"]
[SourceQuality "1"]
[TimeControl "40/5400+30:1800+30"]

1. Nf3 Nf6 2. c4 g6 3. Nc3 d5 4. cxd5 Nxd5 5. Qb3 Nb6 6. d4 Bg7 7. e4 Bg4 8. Bb5+ c6 {[%emt 0:02:12][%cal Og4f3] [#] ...Bxf3! would now be deadly.} 9. Ng5 O-O {[%emt 0:01:30] The position is equal.} 10. Be2 Bxe2 11. Nxe2 h6 12. Nf3 N8d7 13. a4 a5 14. Be3 Nf6 15. Qc2 Ng4 16. Bf4 (16. Bc1 $16) 16... e5 $1 $11 17. Nxe5 Nxe5 18. Bxe5 Bxe5 19. dxe5 Qg5 (19... Qe7 $1 $11) 20. e6 $1 $14 Qxg2 (20... fxe6 $14 21. O-O Nd7) 21. Rg1 $36 {[%emt 0:02:40][%mdl 2048] White is on the roll.} Qxh2 {[%emt 0:03:41] [#]} 22. Qb3 (22. Qc5 $142 $1 Qh4 (22... Qc7 23. Ra3 $18) 23. Qxb6 Qxe4 24. Qe3 (24. Qxb7 Qxe6 25. Rg3 Rab8 $11) 24... Qxe3 25. fxe3) 22... Qc7 23. O-O-O {[%emt 0:08:17][%cal Oe6e7] Threatens to win with e7! White is more active.} Rad8 (23... Kh7 $16) 24. Rxd8 $18 Qxd8 $4 {[%emt 0:05:43][%mdl 8192] A mistake that costs the game.} (24... Rxd8 $16 25. f4 Kh7) 25. exf7+ Rxf7 26. Rxg6+ Kf8 27. Qg3 {[%emt 0:00:44] aiming for Rg8+.} ({Inferior is} 27. Rxh6 Qg5+ 28. Qe3 Qxe3+ 29. fxe3 Nxa4 $11) 27... Qc7 28. Rg8+ ({Weaker is} 28. Rxh6 Qxg3 29. Nxg3 Rxf2 $11) 28... Ke7 29. Qxc7+ {[%emt 0:00:06] Weighted Error Value: White=0.14 (very precise) /Black=0.57.  Loses game:     	---       	Black=1      Mistake:       	White=2     	Black=3      Inaccurate:     	White=2     	Black=3      OK:         	White=6     	Black=6      Best:        	White=4     	Black=1      Strong:       	White=1     	Black=1} 1-0

[Event "Icelandic Championship 2024"]
[Site "Mosfellsbaer"]
[Date "2024.04.24"]
[Round "8.5"]
[White "Birkisson, Bardur Orn"]
[Black "Gretarsson, Hjorvar Steinn"]
[Result "0-1"]
[ECO "B42"]
[WhiteElo "2169"]
[BlackElo "2518"]
[Annotator "TA"]
[PlyCount "82"]
[EventDate "2024.04.16"]
[EventType "tourn"]
[EventCountry "ISL"]
[SourceTitle "playchess.com"]
[Source "ChessBase"]
[SourceQuality "1"]
[TimeControl "40/5400+30:1800+30"]

1. e4 c5 2. Nf3 e6 3. d4 cxd4 4. Nxd4 Nf6 5. Nc3 d6 6. Be3 a6 7. a3 b5 8. Bd3 Bb7 9. O-O Nbd7 10. f4 Be7 11. Qf3 Nc5 {[%emt 0:05:57] The position is equal.} 12. Rae1 O-O 13. Kh1 Re8 14. Bd2 Rc8 15. b4 Nxd3 (15... Qb6 $5) 16. cxd3 Nd7 17. Nb3 Rc7 18. Qe3 Bf6 19. Rc1 Qb8 20. Na5 Ba8 21. Ne2 Rec8 22. Rxc7 Rxc7 23. Rc1 Rxc1+ 24. Bxc1 Qc7 25. Qd2 e5 26. Bb2 d5 27. exd5 (27. d4 $1 $11 exf4 (27... dxe4 28. dxe5 Be7 29. Bd4 $11) 28. e5) 27... exf4 (27... Bxd5 $17 28. fxe5 Nxe5) 28. Bxf6 $15 Nxf6 29. Nxf4 (29. Qxf4 $15 Qxf4 30. Nxf4 Nxd5 31. Ne2) 29... Nxd5 $17 {[%emt 0:00:54] Black is more active.} ({Much less strong is} 29... Bxd5 30. Nxd5 Nxd5 31. Qe1 $11) 30. Nxd5 (30. Nh3 $17) 30... Bxd5 $11 {[%emt 0:00:07][%mdl 4096] Endgame. KQB-KQN} 31. Kg1 Qe5 {[%emt 0:00:46] Repels Qg5} 32. d4 Qe4 33. h3 $2 {[%emt 0:00:12] [#]} (33. h4) 33... h5 $19 34. Kh2 h4 35. Qf2 g5 (35... f6 $142 36. Kg1 Kf7) 36. Qb2 $2 (36. Qf3) 36... Qd3 37. Qf2 {[%emt 0:00:34] Repels Qg3+} Kg7 38. Qb2 Kg6 39. Kg1 f5 40. Kh2 g4 41. hxg4 fxg4 {[%emt 0:00:17] Weighted Error Value: White=0.78/Black=0.40.  Mistake:       	White=5     	Black=1      Inaccurate:     	White=3     	Black=1      OK:         	White=4     	Black=9      Best:        	White=1     	Black=1} 0-1

[Event "Icelandic Championship 2024"]
[Site "Mosfellsbaer"]
[Date "2024.04.24"]
[Round "8.6"]
[White "Ptacnikova, Lenka"]
[Black "Ragnarsson, Dagur"]
[Result "0-1"]
[ECO "D00"]
[WhiteElo "2127"]
[BlackElo "2333"]
[Annotator "ChessBase"]
[PlyCount "176"]
[EventDate "2024.04.16"]
[EventType "tourn"]
[EventCountry "ISL"]
[SourceTitle "playchess.com"]
[Source "ChessBase"]
[SourceQuality "1"]
[TimeControl "40/5400+30:1800+30"]

1. d4 d5 2. Nc3 Nf6 3. Bf4 e6 4. e3 Bb4 5. Bd3 c5 6. dxc5 Nbd7 7. Nge2 a6 8. Bg3 Nh5 9. e4 Nxg3 10. hxg3 dxe4 11. Bxe4 Bxc5 12. Nf4 Qb6 13. Nd3 Bd4 14. Qd2 Nf6 15. Bf3 e5 16. O-O-O Be6 17. Qg5 O-O-O 18. Ne2 e4 19. Nxd4 Qxd4 20. Nf4 Qc4 21. Nxe6 fxe6 22. Rxd8+ Rxd8 23. Bd1 Qxa2 24. c3 Rd5 25. Qxg7 Nd7 26. Bc2 Qa1+ 27. Bb1 Nc5 28. c4 Nd3+ 29. Kc2 e5 30. Qf8+ Rd8 31. Qa3 Qxa3 32. bxa3 Nxf2 33. Re1 Rd3 34. Rxe4 Nxe4 35. Kxd3 Nc5+ 36. Ke3 h6 37. Kf3 Kd7 38. Kg4 Ke6 39. Bf5+ Kf6 40. Bc2 b6 41. Kh5 Kg7 42. Kg4 Ne6 43. Be4 Kf6 44. Bb7 a5 45. Kf3 Nd4+ 46. Ke4 Nf5 47. Kf3 Nd6 48. Bd5 Kf5 49. g4+ Kg5 50. Be6 e4+ 51. Ke3 Kf6 52. Bd5 Ke5 53. a4 b5 54. axb5 a4 55. Bg8 a3 56. c5 Nxb5 57. c6 Nc7 58. Ba2 Ne8 59. Bb3 Nd6 60. Ba2 Kf6 61. Kd4 Ke7 62. Bb3 Kd8 63. Bd5 Kc7 64. Kc3 Kb6 65. Kb3 Kc5 66. Bxe4 Nxe4 67. c7 Nd6 68. Kxa3 Nb5+ 69. Kb3 Nxc7 70. Kc3 Kd5 71. Kd3 Ke5 72. Ke3 Kf6 73. Kf4 Ne6+ 74. Kg3 Kg5 75. Kh3 Ng7 76. Kg3 Ne8 77. Kh3 Nf6 78. Kg3 Nxg4 79. Kh3 Ne3 80. Kg3 Nf5+ 81. Kh3 h5 82. Kh2 Kg4 83. Kh1 Kg3 84. Kg1 Ne3 85. Kh1 Nxg2 86. Kg1 Ne3 87. Kh1 Ng4 88. Kg1 Nf2 0-1

[Event "Icelandic Championship 2024"]
[Site "Mosfellsbaer"]
[Date "2024.04.25"]
[Round "9.2"]
[White "Gretarsson, Hjorvar Steinn"]
[Black "Ptacnikova, Lenka"]
[Result "1-0"]
[ECO "B36"]
[WhiteElo "2518"]
[BlackElo "2127"]
[Annotator "RC"]
[PlyCount "71"]
[EventDate "2024.04.16"]
[EventType "tourn"]
[EventCountry "ISL"]
[SourceTitle "playchess.com"]
[Source "ChessBase"]
[SourceQuality "1"]
[TimeControl "40/5400+30:1800+30"]

1. c4 c5 2. Nf3 g6 3. e4 Nc6 4. d4 cxd4 5. Nxd4 Nf6 6. Nc3 d6 7. Nc2 a5 8. Be2 Bg7 9. O-O a4 10. Be3 Be6 11. Rc1 O-O 12. h3 Nd7 13. Qd2 Na5 14. Na3 Nc5 15. f3 f5 16. exf5 gxf5 17. Rfd1 Nc6 18. Nab5 Kh8 19. Nd5 Rc8 20. Bf1 Ne5 21. Nd4 Bd7 22. Re1 Ng6 23. Bg5 Rf7 24. h4 Bf8 25. h5 Ne5 26. h6 Bc6 27. Kh1 Ra8 28. b4 axb3 29. axb3 Bxd5 30. cxd5 Qb6 31. Qc3 Kg8 32. Ra1 Rb8 33. Ne6 Qxb3 34. Qxb3 Nxb3 35. Ra3 Nc5 36. Nxc5 1-0

[Event "Icelandic Championship 2024"]
[Site "Mosfellsbaer"]
[Date "2024.04.25"]
[Round "9.3"]
[White "Prudnykova, Olga"]
[Black "Birkisson, Bardur Orn"]
[Result "1/2-1/2"]
[ECO "C36"]
[WhiteElo "2263"]
[BlackElo "2169"]
[Annotator "RC"]
[PlyCount "112"]
[EventDate "2024.04.16"]
[EventType "tourn"]
[EventCountry "ISL"]
[SourceTitle "playchess.com"]
[Source "ChessBase"]
[SourceQuality "1"]
[TimeControl "40/5400+30:1800+30"]

1. e4 e5 2. f4 d5 3. exd5 exf4 4. Nf3 Nf6 5. c4 c6 6. d4 Bb4+ 7. Nc3 cxd5 8. Bxf4 O-O 9. Be2 dxc4 10. O-O Nd5 11. Nxd5 Qxd5 12. Ne5 Nc6 13. Bxc4 Qxd4+ 14. Qxd4 Nxd4 15. Bxf7+ Kh8 16. Rad1 Ne2+ 17. Kh1 Nxf4 18. Rxf4 Be7 19. Rdf1 g5 20. R4f3 Kg7 21. Bd5 Rxf3 22. Rxf3 Bf6 23. Nc4 Rb8 24. h3 Bd7 25. Rb3 b5 26. Nd6 Be7 27. Ne4 Rf8 28. Rc3 Rc8 29. Rf3 Be8 30. Rf5 Bg6 31. Re5 Rc1+ 32. Kh2 Bd8 33. g3 Rc2+ 34. Kg1 Bxe4 35. Rxe4 Rxb2 36. Re8 Bb6+ 37. Kf1 h5 38. g4 hxg4 39. hxg4 Rf2+ 40. Ke1 Rf4 41. Re7+ Kf6 42. Re6+ Kg7 43. Re7+ Kf8 44. Re4 a5 45. Bc6 b4 46. Rxf4+ gxf4 47. g5 Bd8 48. g6 Kg7 49. Be4 Kh6 50. Kd2 Bf6 51. Kc2 a4 52. Bc6 Kxg6 53. Bxa4 Kf5 54. Kd2 Kg4 55. Ke2 Kg3 56. Bc6 Be5 1/2-1/2

[Event "Icelandic Championship 2024"]
[Site "Mosfellsbaer"]
[Date "2024.04.25"]
[Round "9.4"]
[White "Heimisson, Hilmir Freyr"]
[Black "Stefansson, Vignir Vatnar"]
[Result "1-0"]
[ECO "B90"]
[WhiteElo "2361"]
[BlackElo "2459"]
[Annotator "TA"]
[PlyCount "189"]
[EventDate "2024.04.16"]
[EventType "tourn"]
[EventCountry "ISL"]
[SourceTitle "playchess.com"]
[Source "ChessBase"]
[SourceQuality "1"]
[TimeControl "40/5400+30:1800+30"]

1. e4 c5 2. Nf3 d6 3. d4 cxd4 4. Nxd4 Nf6 5. Nc3 a6 6. Be3 Nc6 7. f3 h5 {[%emt 0:00:36] B90: Sicilian Najdorf: Unusual White 6th moves, 6 Be3 Ng4 and 6 Be3 e5.} 8. Bc4 e6 9. Qe2 Bd7 10. O-O-O Be7 11. Bb3 Qa5 12. Kb1 Rc8 13. Rhe1 $146 ({Predecessor:} 13. h3 h4 14. f4 Nh5 15. Rhe1 Ng3 16. Qf3 Qh5 17. Qxh5 Rxh5 18. Nf3 Na5 19. Bf2 Nxb3 20. axb3 {0-1 Liang,J (2340)-Cordova,E (2592) Titled Tuesday intern op 19th May blitz 2020 (1)}) 13... Kf8 14. Qf1 Nd8 15. f4 Ng4 16. Bg1 Rxc3 17. bxc3 Qxc3 18. Qf3 Qxf3 19. Nxf3 Bc6 20. Bb6 Ke8 21. c4 Nf6 22. Bc2 Nd7 23. Bc7 Nc5 24. Bxd6 Bxd6 25. Rxd6 Ke7 26. Rd2 f6 27. Re3 Nf7 28. Nh4 Rh6 29. e5 fxe5 30. fxe5 Nd7 31. Ng6+ Ke8 32. h4 Nb6 33. Rd4 Bxg2 34. Nf4 Bc6 35. Bg6 Ke7 36. Bxh5 Nd7 37. Bxf7 Kxf7 38. Nh3 Nf8 39. Ng5+ Ke7 40. Rf4 Be8 (40... Nd7 {keeps fighting.} 41. Rf7+ Ke8) 41. Rb3 $18 Bc6 42. Rf7+ Ke8 43. Rxg7 Ng6 44. Rg8+ Ke7 45. Re3 Nxh4 46. Rh3 Rg6 47. Rxg6 Nxg6 48. Rh7+ Ke8 49. Rh6 ({Less strong is} 49. Nxe6 Nxe5 50. Nc5 Nxc4 51. Rh8+ (51. Nxb7 $2 Be4+ 52. Ka1 Bxh7 $19) 51... Ke7 52. Nxb7 Bd5 53. Rh7+ Ke6 $18) 49... Nf4 50. Nxe6 Nd3 51. Ng5 Kf8 52. Ne6+ Ke8 $1 53. Nd4 Be4 54. Ka1 Kf7 55. Rh4 Bg6 56. Nf3 ({Resist} 56. e6+ Ke7 57. Rh8 a5 $18) 56... Ke6 57. Rh6 Kf7 58. Rh1 Ke6 59. Rh6 Kf7 $1 60. Rh1 Ke6 61. Rb1 Be4 62. Rb6+ Kd7 63. Rd6+ Ke7 64. Ng5 Bf5 65. Rf6 Bg4 66. Rf7+ Ke8 67. Rxb7 Nxe5 68. c5 Bd7 69. Ra7 Nd3 70. Ne4 (70. Rxa6 Nxc5 71. Ra5 Na4 $18) 70... Bc6 71. Nd6+ Kd8 72. Rxa6 Kd7 73. Ra7+ Ke6 74. Ra5 Nxc5 75. Nf5 Be4 76. Ng3 Nb7 77. Ra6+ Ke5 78. Nxe4 Kxe4 79. Kb2 Kd5 80. Rh6 Kc4 81. Rh4+ Kb5 82. Kc3 Nc5 83. Rh5 Kb6 84. Kb4 Na6+ 85. Kc4 Nc7 86. a4 Na6 87. a5+ Kc6 88. Rh6+ Kb7 89. Rb6+ Ka7 90. Kb5 Nc7+ 91. Kc6 Ne6 92. Kd6 Nd8 93. Kc5 Nf7 94. Kb5 Ne5 95. Re6 1-0

[Event "Icelandic Championship 2024"]
[Site "Mosfellsbaer"]
[Date "2024.04.25"]
[Round "9.5"]
[White "Stefansson, Hannes"]
[Black "Kjartansson, Gudmundur"]
[Result "0-1"]
[ECO "D35"]
[WhiteElo "2493"]
[BlackElo "2480"]
[Annotator "RC"]
[PlyCount "148"]
[EventDate "2024.04.16"]
[EventType "tourn"]
[EventCountry "ISL"]
[SourceTitle "playchess.com"]
[Source "ChessBase"]
[SourceQuality "1"]
[TimeControl "40/5400+30:1800+30"]

1. d4 Nf6 2. c4 e6 3. Nc3 d5 4. cxd5 exd5 5. Bg5 Be7 6. e3 h6 7. Bh4 O-O 8. Qc2 c5 9. dxc5 Qa5 10. Nf3 Qxc5 11. Be2 Nc6 12. Rd1 Be6 13. O-O Rfe8 14. a3 Rac8 15. Qa4 a6 16. Rd2 Na5 17. Rc2 Nc4 18. Qb3 Nxe3 19. fxe3 d4 20. Qxb7 d3 21. Bxd3 Qxe3+ 22. Bf2 Qxd3 23. Rd2 Qc4 24. Bd4 Bc5 25. Bxc5 Qxc5+ 26. Nd4 Rcd8 27. Na4 Qe5 28. Qb4 a5 29. Qc3 Bd7 30. Nc5 Bb5 31. Rfd1 Ng4 32. g3 Rd5 33. Nxb5 Rxd2 34. Qxd2 Qxc5+ 35. Nd4 Re4 36. Qc3 Qxc3 37. bxc3 Re3 38. Rc1 a4 39. Kg2 Rd3 40. h3 Ne3+ 41. Kf2 Nc4 42. Ne2 Rd6 43. Rb1 Rf6+ 44. Ke1 Rf1+ 45. Kxf1 Nd2+ 46. Kf2 Nxb1 47. Ke3 Nxa3 48. Kd3 Nb5 49. Kc4 a3 50. Nc1 Nd6+ 51. Kb3 Ne4 52. Ne2 f5 53. Kxa3 Kf7 54. Kb4 Ke6 55. c4 g5 56. Kb5 Ke5 57. c5 f4 58. gxf4+ gxf4 59. Ng1 Kd4 60. c6 Nc3+ 61. Kb6 Nd5+ 62. Kb5 h5 63. h4 Ne7 64. c7 Ke3 65. Kc5 f3 66. Nxf3 Kxf3 67. Kd6 Nc8+ 68. Ke5 Kg4 69. Ke4 Kxh4 70. Kf3 Kg5 71. Kg3 h4+ 72. Kh3 Kh5 73. Kg2 Kg4 74. Kh2 h3 0-1

[Event "Icelandic Championship 2024"]
[Site "Mosfellsbaer"]
[Date "2024.04.25"]
[Round "9.6"]
[White "Gretarsson, Helgi Ass"]
[Black "Domalchuk-Jonasson, Aleksandr"]
[Result "1/2-1/2"]
[ECO "D35"]
[WhiteElo "2468"]
[BlackElo "2368"]
[Annotator "RC"]
[PlyCount "79"]
[EventDate "2024.04.16"]
[EventType "tourn"]
[EventCountry "ISL"]
[SourceTitle "playchess.com"]
[Source "ChessBase"]
[SourceQuality "1"]
[TimeControl "40/5400+30:1800+30"]

1. d4 Nf6 2. c4 e6 3. Nf3 d5 4. Nc3 Nbd7 5. Bf4 Bb4 6. cxd5 exd5 7. Qc2 Ne4 8. e3 g5 9. Be5 Nxe5 10. Nxe5 c6 11. Bd3 f6 12. Nf3 Bf5 13. h4 g4 14. Nd2 Qe7 15. Ke2 Nxc3+ 16. bxc3 Bxd3+ 17. Qxd3 Bd6 18. c4 O-O 19. cxd5 cxd5 20. Qf5 Kh8 21. Qxd5 f5 22. Nc4 Bc7 23. Qc5 Qg7 24. g3 Rac8 25. Qd5 Rfd8 26. Qxb7 Qg6 27. Rhc1 Qe6 28. Nd2 Bb6 29. Nb3 Rc4 30. Kf1 Rd7 31. Qa6 Rxc1+ 32. Rxc1 f4 33. Nc5 Qc6 34. gxf4 Qh1+ 35. Ke2 Qxc1 36. Nxd7 Qc2+ 37. Ke1 Qc1+ 38. Ke2 Qc2+ 39. Kf1 Qc1+ 40. Ke2 1/2-1/2

[Event "Icelandic Championship 2024"]
[Site "Mosfellsbaer"]
[Date "2024.04.26"]
[Round "10.2"]
[White "Ptacnikova, Lenka"]
[Black "Prudnykova, Olga"]
[Result "0-1"]
[ECO "D85"]
[WhiteElo "2127"]
[BlackElo "2263"]
[Annotator "RC"]
[PlyCount "80"]
[EventDate "2024.04.16"]
[EventType "tourn"]
[EventCountry "ISL"]
[SourceTitle "playchess.com"]
[Source "ChessBase"]
[SourceQuality "1"]
[TimeControl "40/5400+30:1800+30"]

1. c4 Nf6 2. Nc3 d5 3. cxd5 Nxd5 4. d4 g6 5. e4 Nxc3 6. bxc3 c5 7. Nf3 Bg7 8. Rb1 O-O 9. Be2 Nc6 10. d5 Ne5 11. Nxe5 Bxe5 12. Qd2 Qa5 13. Rb3 c4 14. Bxc4 Bd7 15. Be2 Ba4 16. Rb4 b5 17. f4 Bxc3 18. Qxc3 Rfc8 19. Bc4 bxc4 20. Bd2 Bc2 21. Qxc2 c3 22. Rb1 cxd2+ 23. Qxd2 Qa4 24. O-O Rc2 25. Qe3 Rac8 26. f5 Qxa2 27. Qg3 R8c3 28. fxg6 hxg6 29. Rb8+ Rc8 30. Rb7 Rc1 31. Rb8 Rxf1+ 32. Kxf1 Qc4+ 33. Kf2 Qd4+ 34. Kf1 Rxb8 35. Qxb8+ Kg7 36. Qb1 a5 37. Ke2 a4 38. h4 a3 39. Kf3 Qb2 40. Qe1 a2 0-1

[Event "Icelandic Championship 2024"]
[Site "Mosfellsbaer"]
[Date "2024.04.26"]
[Round "10.3"]
[White "Stefansson, Vignir Vatnar"]
[Black "Stefansson, Hannes"]
[Result "1/2-1/2"]
[ECO "E07"]
[WhiteElo "2459"]
[BlackElo "2493"]
[Annotator "TA"]
[PlyCount "50"]
[EventDate "2024.04.16"]
[EventType "tourn"]
[EventCountry "ISL"]
[SourceTitle "playchess.com"]
[Source "ChessBase"]
[SourceQuality "1"]
[TimeControl "40/5400+30:1800+30"]

1. d4 Nf6 2. c4 e6 3. g3 Bb4+ 4. Bd2 Be7 5. Bg2 d5 6. Nf3 O-O 7. O-O c6 8. Bf4 Nbd7 9. Nc3 Nh5 10. Bc1 Nhf6 11. Qd3 b6 12. e4 Ba6 13. b3 c5 14. e5 Ne8 (14... dxc4 $1 $11 15. Qe2 (15. bxc4 Nd5 $11) 15... Nd5 16. Nxd5 exd5) 15. h4 Rc8 16. Nb5 cxd4 17. Qxd4 ({Better is} 17. Rd1 $11) 17... dxc4 $15 18. bxc4 Bxb5 $1 19. cxb5 {[%emt 0:00:25] [#]} Nxe5 $1 20. Qxe5 {[%emt 0:19:57] Qe2 would now be deadly.} Bf6 21. Qe4 {[%emt 0:08:37][%cal Of3g5] Black must now prevent Ng5!} Bxa1 22. Ba3 $1 {[%emt 0:00:06][%csl LRa1,LRf8][%cal Oa3f8] A strong pair of Bishops.} Nf6 23. Qa4 {[%emt 0:00:38][%cal Oa3f8] The position is equal.} Bc3 24. Bxf8 Kxf8 25. Qxa7 Ra8 {[%emt 0:02:18] Weighted Error Value: White=0.20 (precise) /Black=0.16 (very precise) .  Mistake:       	White=1     	Black=1      Inaccurate:     	White=2     	Black=2      OK:         	White=3     	Black=2      Best:        	---       	Black=3      Strong:       	White=1     	Black=1      Brilliant:      	---       	Black=1} 1/2-1/2

[Event "Icelandic Championship 2024"]
[Site "Mosfellsbaer"]
[Date "2024.04.26"]
[Round "10.4"]
[White "Birkisson, Bardur Orn"]
[Black "Heimisson, Hilmir Freyr"]
[Result "1-0"]
[ECO "B45"]
[WhiteElo "2169"]
[BlackElo "2361"]
[Annotator "RC"]
[PlyCount "79"]
[EventDate "2024.04.16"]
[EventType "tourn"]
[EventCountry "ISL"]
[SourceTitle "playchess.com"]
[Source "ChessBase"]
[SourceQuality "1"]
[TimeControl "40/5400+30:1800+30"]

1. e4 c5 2. Nf3 e6 3. d4 cxd4 4. Nxd4 Nc6 5. Nc3 Nf6 6. a3 d6 7. Be2 Be7 8. O-O O-O 9. Be3 Qc7 10. f4 Nxd4 11. Qxd4 b6 12. Rac1 Bb7 13. Bf3 e5 14. Qd3 Bc6 15. Nb5 Qb7 16. Nxd6 Bxd6 17. Qxd6 Rad8 18. Qxe5 Rfe8 19. Qg5 Bxe4 20. f5 Qa6 21. Qg3 Bxf3 22. Qxf3 Qb5 23. b3 Rc8 24. Bd4 Ne4 25. c4 Qc6 26. f6 Qd6 27. Rcd1 g6 28. Bb2 Qc5+ 29. Kh1 Re6 30. Rd5 Qf8 31. Qf4 Nd6 32. Be5 Ne8 33. b4 Rec6 34. Rc1 a5 35. bxa5 Qxa3 36. axb6 Rxb6 37. h3 Qa6 38. Ra1 Qb7 39. Qd4 Rbc6 40. Rb5 1-0

[Event "Icelandic Championship 2024"]
[Site "Mosfellsbaer"]
[Date "2024.04.26"]
[Round "10.5"]
[White "Kjartansson, Gudmundur"]
[Black "Gretarsson, Helgi Ass"]
[Result "1/2-1/2"]
[ECO "C60"]
[WhiteElo "2480"]
[BlackElo "2468"]
[Annotator "RC"]
[PlyCount "113"]
[EventDate "2024.04.16"]
[EventType "tourn"]
[EventCountry "ISL"]
[SourceTitle "playchess.com"]
[Source "ChessBase"]
[SourceQuality "1"]
[TimeControl "40/5400+30:1800+30"]

1. e4 e5 2. Nf3 Nc6 3. Bb5 Nge7 4. Nc3 Ng6 5. h4 Nd4 6. h5 Nf4 7. g3 Nxf3+ 8. Qxf3 Ne6 9. Ne2 Bc5 10. d3 c6 11. Bc4 d6 12. Bd2 a5 13. a3 b5 14. Bb3 a4 15. Ba2 Ra7 16. Qg2 Qb6 17. c3 h6 18. f4 Be3 19. Bxe3 Qxe3 20. Qf2 Qxf2+ 21. Kxf2 c5 22. Ke3 f6 23. Ng1 Kd8 24. Nf3 Re8 25. Nh4 Nf8 26. Kf3 Kc7 27. Bf7 Rd8 28. Bd5 Kb6 29. Rhd1 Bd7 30. d4 Be8 31. g4 exf4 32. Kxf4 Bd7 33. Nf5 Bxf5 34. gxf5 c4 35. Bg8 Re7 36. Rg1 Nd7 37. Be6 Nf8 38. Rad1 Rde8 39. e5 Nxe6+ 40. fxe6 dxe5+ 41. dxe5 Rxe6 42. Rxg7 Rxe5 43. Rd6+ Kc5 44. Rxf6 Rxh5 45. Rgg6 Rh4+ 46. Kg3 Rhe4 47. Rc6+ Kd5 48. Rgd6+ Ke5 49. Rxh6 Rg8+ 50. Rhg6 Rxg6+ 51. Rxg6 Kd5 52. Kf3 Re1 53. Rg5+ Kc6 54. Rg6+ Kc5 55. Rg5+ Kc6 56. Rg6+ Kc5 57. Rg5+ 1/2-1/2

[Event "Icelandic Championship 2024"]
[Site "Mosfellsbaer"]
[Date "2024.04.26"]
[Round "10.6"]
[White "Ragnarsson, Dagur"]
[Black "Gretarsson, Hjorvar Steinn"]
[Result "1/2-1/2"]
[ECO "C00"]
[WhiteElo "2333"]
[BlackElo "2518"]
[Annotator "TA"]
[PlyCount "125"]
[EventDate "2024.04.16"]
[EventType "tourn"]
[EventCountry "ISL"]
[SourceTitle "playchess.com"]
[Source "ChessBase"]
[SourceQuality "1"]
[TimeControl "40/5400+30:1800+30"]

1. Nf3 d5 2. g3 Nf6 3. Bg2 e6 4. O-O Be7 5. d3 c5 6. Nbd2 Nc6 7. e4 h6 {[%emt 0:02:14] C00: French: Unusual White 2nd moves.} 8. Re1 O-O 9. e5 {[%emt 0:01:55] 9.c3 injects fresh life into this line.} Nd7 10. h4 b5 11. Nf1 f6 12. exf6 Nxf6 13. c4 $146 ({Predecessor:} 13. Bf4 Bd6 14. Ne5 Qc7 15. Ng6 Re8 16. Ne3 Bd7 17. c3 Kh7 18. Bxd6 Qxd6 19. Nf4 {½-½ Van Arsdale,P (2084)-Somogyi,J (2238) Champion's League 07/D4 bd04 email 2007 [4]}) 13... bxc4 14. dxc4 Rb8 15. Qc2 Rf7 16. Bf4 Bd6 17. cxd5 exd5 18. Ne5 Nxe5 19. Bxe5 Bxe5 20. Rxe5 Qd6 21. Rae1 Bd7 22. Qg6 Rb6 (22... Rxb2 $2 23. Bxd5 Qxd5 24. Rxd5 Nxd5 25. Qd6 $18) 23. b3 Qf8 (23... c4 $14) 24. Qc2 $16 (24. Bxd5 $2 Nxd5 25. Qh5 Nf6 $19) 24... Bc6 (24... Qd6 $16) 25. Ne3 $18 d4 26. Nf5 (26. Rxc5 $6 dxe3 27. Rxc6 (27. Bxc6 Ne4 $11) 27... exf2+ 28. Qxf2 Rxc6 (28... Ne4 $2 29. Qc2 $18) 29. Bxc6 Kh8 $16) 26... Bxg2 27. Kxg2 Kh8 28. Qxc5 ({And not} 28. Rxc5 d3 29. Qc4 (29. Qxd3 $2 {is the wrong capture.} Qxc5 30. Ne3 Re6 $19) 29... Rb8 $11 (29... d2 30. Rd1 $14)) 28... d3 (28... Qxc5 $16 {was necessary.} 29. Rxc5 d3) 29. Qd4 $18 Rb8 30. Qxd3 Ng4 31. Rd5 Rc8 $2 (31... Nf6 32. Rd4 Qc5) 32. f3 Nf6 33. Rde5 Nd7 34. Re7 $1 Nc5 35. Rxf7 Qxf7 $2 (35... Nxd3 36. Rxf8+ Rxf8) 36. Nd6 $2 (36. Qc2 $18 {and the rest is easy. Threatens to win with Nd6.} Rf8 37. g4 (37. Qxc5 Qxf5 38. Qxf5 Rxf5 $18)) 36... Nxd3 $16 37. Nxf7+ Kg8 38. Rd1 Rc2+ 39. Kg1 Nf2 40. Rd7 Nh3+ 41. Kh1 (41. Kf1 $16) 41... Nf2+ $1 $11 42. Kg1 (42. Kg2 $11) 42... Nh3+ $1 $16 43. Kf1 Rf2+ 44. Ke1 Rxf3 {[%emt 0:00:11] [#]} 45. Rxa7 (45. Nd6 $1 $16) 45... Rxg3 $2 {[%emt 0:03:22][%mdl 8192] [#]} (45... Rxf7 $11 {and Black stays safe.} 46. Rxf7 Kxf7) 46. b4 $1 $18 Nf4 47. b5 Nd5 48. a4 Rb3 49. Nd6 g5 50. Nf5 $2 (50. h5 $18 {has better winning chances.}) 50... Rb1+ $16 51. Kd2 gxh4 52. Nxh4 Nb6 53. Nf5 Nxa4 54. Nxh6+ Kf8 55. Nf5 ({White should play} 55. Rxa4 $14 Rxb5 56. Re4) 55... Rb4 $1 $11 56. Kd3 Ke8 $1 57. Nd4 Nc5+ 58. Kc3 Rb1 59. Kc4 Nd7 60. Nb3 Kd8 61. Kc3 Kc8 62. Kc2 Rh1 63. b6 1/2-1/2

[Event "Icelandic Championship 2024"]
[Site "Mosfellsbaer"]
[Date "2024.04.27"]
[Round "11.2"]
[White "Prudnykova, Olga"]
[Black "Ragnarsson, Dagur"]
[Result "1-0"]
[ECO "B30"]
[WhiteElo "2263"]
[BlackElo "2333"]
[Annotator "RC"]
[PlyCount "95"]
[EventDate "2024.04.16"]
[EventType "tourn"]
[EventCountry "ISL"]
[SourceTitle "playchess.com"]
[Source "ChessBase"]
[SourceQuality "1"]
[TimeControl "40/5400+30:1800+30"]

1. e4 c5 2. Nf3 Nc6 3. Nc3 e5 4. Bc4 Be7 5. d3 d6 6. h4 Bg4 7. Nd5 Nf6 8. Ne3 Bh5 9. Nf5 O-O 10. Bg5 Nd4 11. Nxe7+ Qxe7 12. c3 Ne6 13. Qd2 Nf4 14. Bxf4 exf4 15. O-O-O Ng4 16. Bd5 Rab8 17. Rhf1 Qf6 18. d4 b5 19. g3 b4 20. c4 cxd4 21. gxf4 Nh6 22. Nxd4 Bxd1 23. Rxd1 Qxh4 24. f3 Kh8 25. Rg1 g6 26. Nc6 Rb6 27. Qd4+ f6 28. Qd2 Ng8 29. Kc2 Rc8 30. Nd4 Ne7 31. Be6 Rc5 32. Nb3 Rc7 33. Kb1 Kg7 34. f5 Qh6 35. f4 Qh4 36. Nd4 a6 37. fxg6 hxg6 38. Bf5 Kf7 39. Be6+ Kf8 40. Bd5 Nxd5 41. Ne6+ Kf7 42. Qxd5 Re7 43. f5 Rb8 44. fxg6+ Kg8 45. g7 Rf7 46. Qxd6 Qxe4+ 47. Ka1 Re8 48. Qf8+ 1-0

[Event "Icelandic Championship 2024"]
[Site "Mosfellsbaer"]
[Date "2024.04.27"]
[Round "11.3"]
[White "Heimisson, Hilmir Freyr"]
[Black "Ptacnikova, Lenka"]
[Result "1-0"]
[ECO "A46"]
[WhiteElo "2361"]
[BlackElo "2127"]
[Annotator "RC"]
[PlyCount "23"]
[EventDate "2024.04.16"]
[EventType "tourn"]
[EventCountry "ISL"]
[SourceTitle "playchess.com"]
[Source "ChessBase"]
[SourceQuality "1"]
[TimeControl "40/5400+30:1800+30"]

1. d4 Nf6 2. Nf3 b5 3. Bg5 Bb7 4. Nbd2 d5 5. e3 a6 6. a4 b4 7. Nb3 Ne4 8. Bh4 Nd7 9. Nfd2 g5 10. Nxe4 gxh4 11. Nec5 Bc8 12. Ne6 1-0